[ PARTIDA AOE2 · #473049916 ]
UnrankedKitán vs Japanese
[ ANÁLISIS DE REPETICIÓN · EXTRAÍDO DE LA PARTIDA GRABADA ]
Feudal
12:41
Castillos
18:47
Imperial
—
| APM promedio | 30.3 |
| APM pico | 67 |
| eAPM promedio | 14.6 |
| Aldeanos / militares | 95 / 11 |
Foco
⚔️ 16.5% · 🌾 83.5%
Cavalry Archer ×8 · Archer ×2 · Iron Pagoda ×1
Feudal
14:46
Castillos
19:10
Imperial
36:18
| APM promedio | 23.9 |
| APM pico | 47 |
| eAPM promedio | 16.3 |
| Aldeanos / militares | 114 / 168 |
Foco
⚔️ 26.5% · 🌾 73.5%
Skirmisher ×132 · Archer ×36 · Unknown (1942) ×7
Feudal
16:02
Castillos
22:01
Imperial
38:50
| APM promedio | 29.5 |
| APM pico | 81 |
| eAPM promedio | 17.0 |
| Aldeanos / militares | 127 / 90 |
Foco
⚔️ 27.2% · 🌾 72.8%
Samurai ×63 · Spearman ×27
Feudal
14:29
Castillos
18:23
Imperial
37:57
| APM promedio | 56.3 |
| APM pico | 113 |
| eAPM promedio | 19.6 |
| Aldeanos / militares | 142 / 93 |
Foco
⚔️ 24.4% · 🌾 75.6%
Bolas Rider ×67 · Spearman ×26
Feudal
14:56
Castillos
18:30
Imperial
36:49
| APM promedio | 43.3 |
| APM pico | 72 |
| eAPM promedio | 27.9 |
| Aldeanos / militares | 172 / 116 |
Foco
⚔️ 37.6% · 🌾 62.4%
Camel Scout ×90 · Ghulam ×24 · Trebuchet (Packed) ×2
Feudal
13:55
Castillos
18:00
Imperial
36:16
| APM promedio | 30.6 |
| APM pico | 62 |
| eAPM promedio | 13.8 |
| Aldeanos / militares | 101 / 55 |
Foco
⚔️ 24.2% · 🌾 75.8%
Rattan Archer ×48 · Bombard Cannon ×4 · Trebuchet (Packed) ×3
Feudal
14:58
Castillos
19:21
Imperial
35:39
| APM promedio | 21.4 |
| APM pico | 40 |
| eAPM promedio | 13.4 |
| Aldeanos / militares | 119 / 67 |
Foco
⚔️ 19.0% · 🌾 81.0%
Scout Cavalry ×46 · Hussite Wagon ×12 · Scorpion ×3 · Mangonel ×2 · Spearman ×2 · Petard ×2
Feudal
16:25
Castillos
23:46
Imperial
44:40
| APM promedio | 26.3 |
| APM pico | 78 |
| eAPM promedio | 13.0 |
| Aldeanos / militares | 123 / 56 |
Foco
⚔️ 18.6% · 🌾 81.4%
Knight ×52 · Scout Cavalry ×4
Mapa de la partida
Recursos iniciales + cada clic de construcción. Líneas = muros · curvas = relieve. ◆ oro · ⬟ piedra · ● bayas · ✦ reliquia · ◌ hueco del cierre
Tu base· Abierta — flanco sin cerrar
Base de 諸葛馬摩說錦囊有妙計· Abierta — flanco sin cerrar
Base de 馬西摩· Abierta — flanco sin cerrar
Base de 馬鐵摩· Abierta — hueco de 13t
Base de 馬摩· Abierta — hueco de 15t
Base de 探吉教~NOMO· Abierta — flanco sin cerrar
Base de 微笑馬摩斯漢堡· Abierta — hueco de 4t
Base de 拉回就是埋點-taco_clement· Abierta — flanco sin cerrar
Terreno inicial suavizado · ◌ = hueco del cierre detectado · pasá el cursor para detalles
Inputs por minuto
— 探吉教~東馬摩 - - 諸葛馬摩說錦囊有妙計
Build order — 探吉教~東馬摩
Primeras 150 de 205 acciones detectadas
| 0:55 | Construir | Town Center |
| 1:28 | Construir | House |
| 2:59 | Crear | Villager (Male) |
| 2:59 | Crear | Villager (Male) |
| 2:59 | Crear | Villager (Male) |
| 2:59 | Crear | Villager (Male) |
| 3:44 | Construir | House |
| 4:25 | Construir | House |
| 4:34 | Crear | Villager (Male) |
| 4:35 | Crear | Villager (Male) |
| 5:18 | Crear | Villager (Male) |
| 5:28 | Crear | Villager (Male) |
| 6:07 | Crear | Villager (Male) |
| 6:07 | Crear | Villager (Male) |
| 6:08 | Crear | Villager (Male) |
| 6:08 | Crear | Villager (Male) |
| 6:17 | Construir | House |
| 6:26 | Construir | House |
| 7:31 | Crear | Villager (Male) |
| 7:31 | Crear | Villager (Male) |
| 8:12 | Construir | Mill |
| 8:20 | Crear | Villager (Male) |
| 8:20 | Crear | Villager (Male) |
| 8:29 | Construir | Lumber Camp |
| 8:48 | Construir | House |
| 9:03 | Crear | Villager (Male) |
| 9:03 | Crear | Villager (Male) |
| 9:26 | Construir | Mining Camp |
| 10:06 | Investigar | Loom |
| 10:17 | Investigar | Feudal Age |
| 10:44 | Construir | House |
| 10:47 | Construir | House |
| 11:44 | Construir | Palisade Wall |
| 11:45 | Construir | Palisade Wall |
| 11:48 | Construir | Palisade Wall |
| 12:15 | Crear | Villager (Male) |
| 12:15 | Crear | Villager (Male) |
| 12:41 | Edad | Edad Feudal |
| 12:45 | Construir | Barracks |
| 13:14 | Crear | Villager (Male) |
| 13:35 | Construir | Blacksmith |
| 13:49 | Crear | Villager (Male) |
| 13:49 | Crear | Villager (Male) |
| 14:16 | Construir | House |
| 14:40 | Construir | Palisade Wall |
| 14:42 | Construir | Palisade Wall |
| 14:44 | Construir | Palisade Wall |
| 14:50 | Crear | Villager (Male) |
| 15:06 | Construir | Archery Range |
| 15:35 | Construir | House |
| 15:37 | Construir | House |
| 15:40 | Construir | Palisade Wall |
| 16:07 | Investigar | Castle Age |
| 16:11 | Construir | Pasture |
| 16:12 | Construir | Pasture |
| 16:29 | Crear | Archer |
| 16:29 | Crear | Archer |
| 16:54 | Construir | Pasture |
| 17:16 | Construir | Pasture |
| 17:47 | Investigar | Double-Bit Axe |
| 17:57 | Construir | Pasture |
| 18:47 | Edad | Edad de los Castillos |
| 18:55 | Crear | Villager (Male) |
| 18:59 | Crear | Cavalry Archer |
| 18:59 | Crear | Cavalry Archer |
| 19:04 | Crear | Villager (Male) |
| 19:10 | Construir | Pasture |
| 19:13 | Investigar | Tech 1014 |
| 19:18 | Construir | Pasture |
| 19:28 | Investigar | Fletching |
| 19:57 | Crear | Cavalry Archer |
| 19:59 | Crear | Villager (Male) |
| 19:59 | Crear | Villager (Male) |
| 20:11 | Construir | Watch Tower |
| 21:55 | Construir | Siege Workshop |
| 21:59 | Construir | House |
| 22:08 | Crear | Cavalry Archer |
| 22:08 | Crear | Cavalry Archer |
| 22:12 | Crear | Villager (Male) |
| 22:12 | Crear | Villager (Male) |
| 22:12 | Crear | Villager (Male) |
| 22:26 | Construir | House |
| 23:03 | Construir | Stone Wall |
| 23:03 | Construir | Stone Wall |
| 23:32 | Crear | Iron Pagoda |
| 23:55 | Crear | Cavalry Archer |
| 24:19 | Crear | Villager (Male) |
| 24:19 | Crear | Villager (Male) |
| 24:19 | Crear | Villager (Male) |
| 24:23 | Investigar | Heavy Cavalry Archer (upgrade) |
| 24:42 | Construir | Mining Camp |
| 25:37 | Crear | Cavalry Archer |
| 25:38 | Crear | Cavalry Archer |
| 25:46 | Construir | Mining Camp |
| 25:54 | Construir | Mining Camp |
| 26:16 | Construir | Stone Wall |
| 27:40 | Construir | House |
| 27:42 | Construir | House |
| 28:33 | Construir | Stone Wall |
| 30:15 | Construir | Stone Wall |
| 31:05 | Construir | Stone Wall |
| 32:04 | Construir | Town Center |
| 32:11 | Construir | Town Center |
| 32:41 | Construir | Stone Wall |
| 32:41 | Construir | Stone Wall |
| 32:42 | Construir | Stone Wall |
| 33:09 | Crear | Villager (Male) |
| 33:09 | Crear | Villager (Male) |
| 33:09 | Crear | Villager (Male) |
| 33:10 | Crear | Villager (Male) |
| 33:10 | Crear | Villager (Male) |
| 33:17 | Construir | Town Center |
| 33:43 | Construir | Town Center |
| 33:49 | Crear | Villager (Male) |
| 33:49 | Crear | Villager (Male) |
| 33:50 | Crear | Villager (Male) |
| 34:23 | Construir | Pasture |
| 34:30 | Construir | Mill |
| 34:47 | Construir | Mining Camp |
| 34:53 | Construir | Pasture |
| 35:38 | Construir | Pasture |
| 35:45 | Crear | Villager (Male) |
| 35:45 | Crear | Villager (Male) |
| 35:49 | Construir | Pasture |
| 36:14 | Crear | Villager (Male) |
| 36:14 | Crear | Villager (Male) |
| 36:42 | Crear | Villager (Male) |
| 36:43 | Crear | Villager (Male) |
| 36:48 | Crear | Villager (Male) |
| 36:50 | Crear | Villager (Male) |
| 36:53 | Construir | Pasture |
| 37:07 | Crear | Villager (Male) |
| 37:28 | Crear | Villager (Male) |
| 37:28 | Crear | Villager (Male) |
| 37:29 | Crear | Villager (Male) |
| 37:29 | Crear | Villager (Male) |
| 37:43 | Crear | Villager (Male) |
| 38:07 | Crear | Villager (Male) |
| 38:19 | Construir | Lumber Camp |
| 39:07 | Construir | Pasture |
| 39:17 | Construir | Pasture |
| 39:21 | Crear | Villager (Male) |
| 39:21 | Crear | Villager (Male) |
| 39:31 | Crear | Villager (Male) |
| 39:32 | Crear | Villager (Male) |
| 39:48 | Construir | Market |
| 39:55 | Crear | Villager (Male) |
| 39:55 | Crear | Villager (Male) |
| 40:34 | Construir | Pasture |
| 40:39 | Construir | Pasture |
Build order — 諸葛馬摩說錦囊有妙計
Primeras 150 de 319 acciones detectadas
| 0:18 | Construir | House |
| 0:22 | Construir | House |
| 0:30 | Construir | Town Center |
| 0:56 | Construir | Lumber Camp |
| 1:28 | Construir | Lumber Camp |
| 1:30 | Construir | House |
| 2:32 | Crear | Villager (Male) ×4 |
| 3:34 | Investigar | Loom |
| 3:35 | Crear | Villager (Male) |
| 3:47 | Crear | Villager (Male) |
| 4:59 | Crear | Villager (Male) |
| 5:21 | Crear | Villager (Male) |
| 5:56 | Crear | Villager (Male) |
| 6:03 | Construir | Mill |
| 6:12 | Crear | Villager (Male) |
| 6:12 | Crear | Villager (Male) |
| 6:50 | Crear | Villager (Male) |
| 7:08 | Construir | House |
| 7:12 | Construir | House |
| 7:16 | Crear | Villager (Male) |
| 7:55 | Crear | Villager (Male) |
| 7:55 | Crear | Villager (Male) |
| 7:55 | Crear | Villager (Male) |
| 8:11 | Crear | Villager (Male) |
| 8:50 | Crear | Villager (Male) |
| 8:50 | Crear | Villager (Male) |
| 9:44 | Crear | Villager (Male) |
| 10:12 | Construir | Mill |
| 10:21 | Crear | Villager (Male) |
| 10:21 | Crear | Villager (Male) |
| 11:27 | Construir | Mining Camp |
| 11:37 | Crear | Villager (Male) |
| 11:39 | Construir | Mill |
| 12:10 | Crear | Villager (Male) |
| 12:29 | Investigar | Feudal Age |
| 13:39 | Construir | House |
| 13:43 | Construir | House |
| 14:37 | Construir | Farm |
| 14:39 | Construir | Farm |
| 14:40 | Construir | Farm |
| 14:41 | Construir | Farm |
| 14:46 | Edad | Edad Feudal |
| 14:51 | Construir | Blacksmith |
| 15:08 | Construir | Market |
| 15:14 | Crear | Villager (Male) |
| 15:15 | Crear | Villager (Male) |
| 15:16 | Crear | Villager (Male) |
| 15:43 | Construir | House |
| 15:51 | Construir | Farm |
| 16:18 | Investigar | Castle Age |
| 16:28 | Investigar | Horse Collar |
| 17:11 | Investigar | Double-Bit Axe |
| 17:26 | Construir | Barracks |
| 18:21 | Construir | Archery Range |
| 18:24 | Crear | Villager (Male) |
| 18:25 | Crear | Villager (Male) |
| 19:05 | Crear | Archer |
| 19:05 | Crear | Archer |
| 19:09 | Crear | Villager (Male) |
| 19:10 | Crear | Villager (Male) |
| 19:10 | Edad | Edad de los Castillos |
| 19:30 | Crear | Archer |
| 19:31 | Crear | Villager (Male) |
| 19:43 | Construir | Town Center |
| 19:44 | Crear | Villager (Male) |
| 19:49 | Crear | Villager (Male) |
| 19:53 | Construir | Farm |
| 19:54 | Construir | Farm |
| 19:55 | Construir | Farm |
| 19:56 | Construir | Farm |
| 20:04 | Crear | Archer |
| 20:24 | Construir | Farm |
| 20:46 | Investigar | Bow Saw |
| 20:54 | Crear | Villager (Male) |
| 21:12 | Construir | Town Center |
| 21:14 | Crear | Villager (Male) |
| 21:16 | Crear | Archer |
| 21:25 | Crear | Villager (Male) |
| 21:36 | Construir | Farm |
| 21:50 | Crear | Villager (Male) |
| 22:13 | Crear | Villager (Male) |
| 22:13 | Crear | Villager (Male) |
| 22:13 | Crear | Villager (Male) |
| 22:32 | Crear | Villager (Male) |
| 22:32 | Crear | Villager (Male) |
| 22:33 | Crear | Villager (Male) |
| 22:52 | Crear | Villager (Male) |
| 22:59 | Crear | Villager (Male) |
| 23:01 | Construir | Farm |
| 23:02 | Construir | Farm |
| 23:03 | Construir | Farm |
| 23:16 | Crear | Villager (Male) |
| 23:17 | Crear | Villager (Male) |
| 23:22 | Construir | Farm |
| 23:23 | Construir | Farm |
| 23:24 | Construir | Farm |
| 23:25 | Construir | Farm |
| 23:26 | Construir | Farm |
| 23:30 | Construir | Farm |
| 23:43 | Investigar | Fletching |
| 23:43 | Investigar | Padded Archer Armor |
| 23:57 | Construir | University |
| 24:02 | Construir | Mining Camp |
| 24:16 | Crear | Villager (Male) |
| 24:32 | Crear | Skirmisher |
| 24:33 | Crear | Skirmisher |
| 24:33 | Crear | Skirmisher |
| 24:34 | Crear | Skirmisher |
| 24:39 | Construir | Lumber Camp |
| 25:08 | Crear | Villager (Male) |
| 25:08 | Crear | Villager (Male) |
| 25:08 | Crear | Villager (Male) |
| 25:09 | Crear | Villager (Male) |
| 25:09 | Crear | Villager (Male) |
| 25:29 | Investigar | Elite Skirmisher (upgrade) |
| 25:33 | Construir | Archery Range |
| 25:38 | Construir | House |
| 25:38 | Construir | House |
| 26:15 | Crear | Skirmisher |
| 26:36 | Crear | Skirmisher ×5 |
| 26:49 | Crear | Villager (Male) |
| 26:49 | Crear | Villager (Male) |
| 26:49 | Crear | Villager (Male) |
| 26:49 | Crear | Villager (Male) |
| 26:50 | Crear | Villager (Male) |
| 26:50 | Crear | Villager (Male) |
| 27:00 | Crear | Villager (Male) |
| 27:17 | Construir | House |
| 27:18 | Construir | House |
| 27:19 | Construir | House |
| 27:21 | Crear | Villager (Male) |
| 27:24 | Construir | Farm |
| 27:25 | Construir | Farm |
| 27:26 | Construir | Farm |
| 27:28 | Construir | Farm |
| 27:30 | Construir | Farm |
| 27:31 | Construir | Farm |
| 27:31 | Construir | Farm |
| 27:32 | Construir | Farm |
| 27:36 | Construir | Mill |
| 27:36 | Crear | Villager (Male) |
| 27:37 | Crear | Villager (Male) |
| 27:40 | Construir | House |
| 27:41 | Construir | House |
| 27:47 | Crear | Villager (Male) |
| 28:03 | Crear | Villager (Male) |
| 28:19 | Investigar | Ballistics |
| 28:19 | Crear | Villager (Male) |
| 28:20 | Crear | Villager (Male) |
| 28:20 | Crear | Villager (Male) |
Build order — 馬西摩
Primeras 150 de 358 acciones detectadas
| 0:58 | Construir | Town Center |
| 2:25 | Construir | House |
| 2:27 | Construir | House |
| 3:06 | Crear | Villager (Male) |
| 3:07 | Crear | Villager (Male) |
| 3:07 | Crear | Villager (Male) |
| 3:07 | Crear | Villager (Male) |
| 3:08 | Investigar | Loom |
| 4:07 | Construir | Palisade Wall |
| 4:12 | Construir | Palisade Wall |
| 4:56 | Construir | Palisade Wall |
| 5:57 | Crear | Villager (Male) |
| 6:26 | Crear | Villager (Male) |
| 6:54 | Crear | Villager (Male) |
| 7:29 | Crear | Villager (Male) |
| 7:30 | Crear | Villager (Male) |
| 8:19 | Crear | Villager (Male) |
| 8:28 | Crear | Villager (Male) |
| 8:28 | Crear | Villager (Male) |
| 8:29 | Crear | Villager (Male) |
| 8:52 | Construir | House |
| 8:53 | Construir | House |
| 8:56 | Crear | Villager (Male) |
| 9:10 | Construir | Mill |
| 10:18 | Construir | Lumber Camp |
| 10:31 | Crear | Villager (Male) |
| 10:31 | Crear | Villager (Male) |
| 10:31 | Crear | Villager (Male) |
| 10:32 | Crear | Villager (Male) |
| 11:04 | Construir | Mill |
| 11:09 | Crear | Villager (Male) |
| 11:39 | Crear | Villager (Male) |
| 11:39 | Crear | Villager (Male) |
| 11:39 | Crear | Villager (Male) |
| 11:39 | Crear | Villager (Male) |
| 11:40 | Crear | Villager (Male) |
| 12:03 | Construir | Mining Camp |
| 12:05 | Crear | Villager (Male) |
| 12:29 | Construir | House |
| 12:31 | Construir | House |
| 12:40 | Construir | Farm |
| 12:47 | Construir | Farm |
| 12:48 | Crear | Villager (Male) |
| 12:53 | Construir | Farm |
| 12:56 | Construir | Farm |
| 12:58 | Crear | Villager (Male) |
| 13:52 | Investigar | Feudal Age |
| 14:07 | Construir | Mill |
| 14:13 | Crear | Villager (Male) |
| 14:13 | Crear | Villager (Male) |
| 14:23 | Construir | House |
| 14:25 | Construir | House |
| 14:30 | Construir | House |
| 14:37 | Crear | Villager (Male) |
| 16:02 | Edad | Edad Feudal |
| 16:06 | Construir | Barracks |
| 16:24 | Construir | Barracks |
| 16:27 | Construir | House |
| 17:00 | Crear | Villager (Male) |
| 17:14 | Construir | Blacksmith |
| 17:26 | Construir | Mining Camp |
| 17:32 | Crear | Villager (Male) |
| 17:37 | Investigar | Double-Bit Axe |
| 18:12 | Construir | Market |
| 18:15 | Crear | Villager (Male) |
| 18:43 | Crear | Villager (Male) |
| 18:53 | Construir | Farm |
| 18:53 | Construir | Farm |
| 18:53 | Construir | Farm |
| 19:21 | Investigar | Castle Age |
| 20:04 | Construir | Watch Tower |
| 20:20 | Construir | Watch Tower |
| 20:21 | Crear | Villager (Male) |
| 20:23 | Crear | Villager (Male) |
| 20:30 | Construir | Lumber Camp |
| 20:51 | Construir | Mill |
| 20:56 | Crear | Villager (Male) |
| 21:03 | Investigar | Horse Collar |
| 21:07 | Investigar | Gold Mining |
| 21:36 | Crear | Villager (Male) |
| 22:01 | Edad | Edad de los Castillos |
| 22:36 | Construir | Town Center |
| 22:40 | Crear | Villager (Male) |
| 22:54 | Investigar | Stone Mining |
| 23:17 | Investigar | Wheelbarrow |
| 23:17 | Investigar | Town Watch |
| 23:21 | Investigar | Wheelbarrow |
| 23:35 | Investigar | Town Watch |
| 23:46 | Construir | Farm |
| 23:46 | Construir | Farm |
| 23:46 | Construir | Farm |
| 23:47 | Construir | Farm |
| 24:07 | Construir | Castle |
| 24:10 | Construir | Mining Camp |
| 24:11 | Crear | Villager (Male) |
| 24:26 | Crear | Villager (Male) |
| 24:26 | Crear | Villager (Male) |
| 24:30 | Crear | Villager (Male) |
| 24:55 | Crear | Villager (Male) |
| 24:56 | Crear | Villager (Male) |
| 24:56 | Crear | Villager (Male) |
| 25:28 | Crear | Villager (Male) |
| 25:28 | Crear | Villager (Male) |
| 25:42 | Crear | Samurai |
| 25:57 | Crear | Samurai |
| 25:57 | Crear | Samurai |
| 25:58 | Crear | Samurai |
| 25:58 | Crear | Samurai |
| 25:58 | Crear | Samurai |
| 26:33 | Crear | Samurai |
| 26:33 | Crear | Samurai |
| 26:33 | Crear | Samurai |
| 26:34 | Crear | Samurai |
| 26:52 | Investigar | Scale Mail Armor |
| 26:55 | Crear | Samurai |
| 27:10 | Crear | Villager (Male) |
| 27:10 | Crear | Villager (Male) |
| 27:10 | Crear | Villager (Male) |
| 27:15 | Construir | Farm |
| 27:15 | Construir | Farm |
| 27:15 | Construir | Farm |
| 27:15 | Construir | Farm |
| 27:16 | Construir | Farm |
| 27:16 | Construir | Farm |
| 27:40 | Construir | Town Center |
| 27:45 | Crear | Villager (Male) |
| 27:45 | Crear | Villager (Male) |
| 27:46 | Crear | Villager (Male) |
| 28:39 | Construir | House |
| 28:52 | Crear | Samurai |
| 28:52 | Crear | Samurai |
| 28:52 | Crear | Samurai |
| 28:58 | Investigar | Yasama |
| 29:12 | Crear | Villager (Male) |
| 29:13 | Crear | Villager (Male) |
| 29:13 | Crear | Villager (Male) |
| 29:33 | Crear | Villager (Male) |
| 29:45 | Investigar | Bow Saw |
| 30:07 | Crear | Samurai |
| 30:08 | Crear | Samurai |
| 30:28 | Crear | Samurai |
| 30:28 | Crear | Samurai |
| 30:57 | Investigar | Gold Shaft Mining |
| 31:09 | Crear | Villager (Male) |
| 31:17 | Crear | Samurai |
| 31:17 | Crear | Samurai |
| 31:17 | Crear | Samurai |
| 31:33 | Crear | Villager (Male) |
| 31:33 | Crear | Villager (Male) |
| 31:42 | Construir | Castle |
Build order — 馬鐵摩
Primeras 150 de 371 acciones detectadas
| 0:45 | Construir | Town Center |
| 1:37 | Construir | House |
| 2:27 | Construir | House |
| 2:38 | Construir | House |
| 2:52 | Crear | Villager (Male) |
| 2:53 | Crear | Villager (Male) |
| 2:53 | Crear | Villager (Male) |
| 2:53 | Crear | Villager (Male) |
| 4:16 | Crear | Villager (Male) |
| 4:58 | Construir | House |
| 4:59 | Construir | House |
| 5:04 | Crear | Villager (Male) |
| 5:39 | Construir | House |
| 5:40 | Construir | Palisade Wall |
| 6:29 | Crear | Villager (Male) |
| 6:29 | Crear | Villager (Male) |
| 6:35 | Construir | House |
| 6:53 | Crear | Villager (Male) |
| 6:56 | Construir | House |
| 7:02 | Crear | Villager (Male) |
| 7:04 | Crear | Villager (Male) |
| 7:10 | Construir | House |
| 7:26 | Construir | House |
| 8:29 | Crear | Villager (Male) |
| 8:30 | Crear | Villager (Male) |
| 8:31 | Crear | Villager (Male) |
| 8:57 | Crear | Villager (Male) |
| 9:00 | Construir | House |
| 9:12 | Construir | House |
| 9:23 | Construir | House |
| 9:27 | Crear | Villager (Male) |
| 9:32 | Construir | House |
| 9:40 | Crear | Villager (Male) |
| 9:50 | Crear | Villager (Male) |
| 9:52 | Crear | Villager (Male) |
| 9:55 | Crear | Villager (Male) |
| 10:07 | Construir | Settlement |
| 10:09 | Crear | Villager (Male) |
| 10:09 | Crear | Villager (Male) |
| 11:37 | Crear | Villager (Male) |
| 11:40 | Crear | Villager (Male) |
| 11:51 | Crear | Villager (Male) |
| 12:01 | Investigar | Feudal Age |
| 13:49 | Construir | Farm |
| 13:50 | Construir | Farm |
| 14:29 | Edad | Edad Feudal |
| 14:52 | Construir | Market |
| 14:55 | Construir | Blacksmith |
| 15:06 | Construir | Farm |
| 15:31 | Investigar | Double-Bit Axe |
| 15:43 | Investigar | Castle Age |
| 15:43 | Investigar | Castle Age |
| 16:18 | Construir | Barracks |
| 16:53 | Investigar | Horse Collar |
| 16:54 | Investigar | Horse Collar |
| 17:48 | Construir | Barracks |
| 18:15 | Construir | Farm |
| 18:23 | Edad | Edad de los Castillos |
| 18:25 | Construir | Town Center |
| 18:33 | Construir | Town Center |
| 18:37 | Crear | Villager (Male) |
| 18:46 | Investigar | Loom |
| 18:56 | Crear | Villager (Male) |
| 19:13 | Construir | Farm |
| 19:20 | Crear | Villager (Male) |
| 19:34 | Investigar | Bow Saw |
| 19:45 | Crear | Villager (Male) |
| 19:45 | Crear | Villager (Male) |
| 20:24 | Construir | Settlement |
| 20:29 | Crear | Villager (Male) |
| 20:34 | Crear | Villager (Male) |
| 20:34 | Crear | Villager (Male) |
| 20:34 | Crear | Villager (Male) |
| 20:47 | Construir | Archery Range |
| 20:52 | Crear | Villager (Male) |
| 20:53 | Crear | Villager (Male) |
| 21:06 | Construir | Farm |
| 21:09 | Crear | Villager (Male) |
| 21:26 | Construir | House |
| 21:27 | Construir | House |
| 21:27 | Construir | House |
| 21:30 | Crear | Villager (Male) |
| 21:31 | Crear | Villager (Male) |
| 21:37 | Construir | Farm |
| 21:44 | Crear | Bolas Rider |
| 21:47 | Construir | Farm |
| 21:55 | Construir | Farm |
| 21:56 | Construir | Farm |
| 21:58 | Crear | Villager (Male) |
| 21:58 | Crear | Villager (Male) |
| 21:58 | Crear | Villager (Male) |
| 22:05 | Construir | Farm |
| 22:15 | Construir | Farm |
| 22:18 | Crear | Villager (Male) |
| 22:19 | Crear | Villager (Male) |
| 22:32 | Crear | Bolas Rider |
| 22:38 | Crear | Villager (Male) |
| 22:51 | Construir | Settlement |
| 22:53 | Construir | Farm |
| 22:53 | Construir | Farm |
| 22:53 | Construir | Farm |
| 22:54 | Construir | Farm |
| 23:00 | Crear | Villager (Male) |
| 23:00 | Crear | Villager (Male) |
| 23:01 | Crear | Bolas Rider |
| 23:06 | Construir | Farm |
| 23:06 | Construir | Farm |
| 23:06 | Construir | Farm |
| 23:06 | Construir | Farm |
| 23:22 | Crear | Bolas Rider |
| 23:24 | Crear | Villager (Male) |
| 23:31 | Construir | House |
| 23:31 | Construir | House |
| 23:36 | Crear | Villager (Male) |
| 23:36 | Crear | Villager (Male) |
| 23:52 | Crear | Villager (Male) |
| 24:34 | Crear | Villager (Male) |
| 24:34 | Crear | Villager (Male) |
| 24:34 | Crear | Villager (Male) |
| 24:37 | Investigar | Fletching |
| 24:43 | Construir | House |
| 24:44 | Construir | House |
| 24:59 | Crear | Bolas Rider |
| 24:59 | Crear | Bolas Rider |
| 25:01 | Crear | Villager (Male) |
| 25:02 | Crear | Villager (Male) |
| 25:02 | Crear | Villager (Male) |
| 25:02 | Crear | Villager (Male) |
| 25:03 | Crear | Villager (Male) |
| 25:08 | Construir | Farm |
| 25:08 | Construir | Farm |
| 25:08 | Construir | Farm |
| 25:08 | Construir | Farm |
| 25:09 | Construir | Farm |
| 25:42 | Crear | Bolas Rider |
| 25:43 | Crear | Bolas Rider |
| 25:48 | Construir | Farm |
| 25:51 | Construir | Farm |
| 26:05 | Crear | Villager (Male) |
| 26:05 | Crear | Villager (Male) |
| 26:05 | Crear | Villager (Male) |
| 26:10 | Construir | House |
| 26:20 | Investigar | Bodkin Arrow |
| 26:27 | Construir | University |
| 26:35 | Crear | Villager (Male) |
| 26:35 | Crear | Villager (Male) |
| 26:36 | Crear | Villager (Male) |
| 27:02 | Crear | Villager (Male) |
| 27:02 | Crear | Villager (Male) |
| 27:02 | Crear | Villager (Male) |
Build order — 馬摩
Primeras 150 de 467 acciones detectadas
| 0:37 | Construir | Town Center |
| 0:50 | Construir | Lumber Camp |
| 2:16 | Construir | House |
| 2:57 | Crear | Villager (Male) ×4 |
| 3:03 | Investigar | Loom |
| 3:03 | Crear | Villager (Male) |
| 3:04 | Crear | Villager (Male) |
| 3:04 | Crear | Villager (Male) |
| 3:49 | Construir | Palisade Wall |
| 3:53 | Construir | Palisade Wall |
| 4:56 | Crear | Villager (Male) |
| 4:57 | Crear | Villager (Male) |
| 5:06 | Crear | Villager (Male) |
| 5:06 | Crear | Villager (Male) |
| 5:08 | Construir | House |
| 5:31 | Construir | Mill |
| 6:03 | Crear | Villager (Male) |
| 6:03 | Crear | Villager (Male) |
| 6:31 | Crear | Villager (Male) |
| 6:31 | Crear | Villager (Male) |
| 6:42 | Crear | Villager (Male) |
| 6:42 | Crear | Villager (Male) |
| 7:09 | Crear | Villager (Male) |
| 7:33 | Crear | Villager (Male) |
| 7:33 | Crear | Villager (Male) |
| 7:49 | Construir | House |
| 8:00 | Crear | Villager (Male) |
| 8:00 | Crear | Villager (Male) |
| 8:13 | Construir | Mill |
| 8:18 | Crear | Villager (Male) |
| 8:32 | Crear | Villager (Male) |
| 8:32 | Crear | Villager (Male) |
| 9:02 | Crear | Villager (Male) |
| 9:02 | Crear | Villager (Male) |
| 9:02 | Crear | Villager (Male) |
| 9:32 | Crear | Villager (Male) |
| 9:32 | Crear | Villager (Male) |
| 9:37 | Construir | House |
| 10:47 | Crear | Villager (Male) |
| 10:47 | Crear | Villager (Male) |
| 11:40 | Construir | Mining Camp |
| 11:44 | Investigar | Feudal Age |
| 12:28 | Construir | Mill |
| 12:49 | Crear | Villager (Male) |
| 12:50 | Crear | Villager (Male) |
| 13:14 | Construir | House |
| 14:56 | Edad | Edad Feudal |
| 14:58 | Construir | Market |
| 14:59 | Construir | Blacksmith |
| 15:21 | Investigar | Double-Bit Axe |
| 15:50 | Investigar | Castle Age |
| 15:56 | Investigar | Horse Collar |
| 16:08 | Construir | Farm |
| 16:17 | Construir | Farm |
| 16:46 | Construir | Farm |
| 16:53 | Construir | Outpost |
| 16:59 | Construir | Farm |
| 17:11 | Construir | Farm |
| 17:19 | Crear | Villager (Male) |
| 17:28 | Construir | Outpost |
| 18:04 | Construir | Farm |
| 18:15 | Construir | Farm |
| 18:17 | Construir | Farm |
| 18:22 | Investigar | Scale Mail Armor |
| 18:23 | Investigar | Forging |
| 18:30 | Edad | Edad de los Castillos |
| 18:36 | Construir | Mining Camp |
| 18:44 | Construir | House |
| 18:55 | Crear | Villager (Male) |
| 19:08 | Construir | Castle |
| 19:10 | Crear | Villager (Male) |
| 19:11 | Investigar | Bow Saw |
| 19:36 | Construir | Castle |
| 19:38 | Crear | Villager (Male) |
| 19:41 | Construir | Farm |
| 19:49 | Crear | Villager (Male) |
| 20:13 | Crear | Villager (Male) |
| 20:35 | Crear | Villager (Male) |
| 21:17 | Crear | Ghulam |
| 21:19 | Crear | Villager (Male) |
| 21:20 | Crear | Villager (Male) |
| 21:27 | Crear | Villager (Male) |
| 21:37 | Crear | Ghulam |
| 21:54 | Crear | Villager (Male) |
| 22:01 | Crear | Ghulam |
| 22:09 | Crear | Ghulam |
| 22:12 | Construir | Farm |
| 22:16 | Crear | Villager (Male) |
| 22:25 | Crear | Ghulam |
| 22:42 | Crear | Ghulam |
| 22:54 | Construir | Town Center |
| 22:55 | Crear | Villager (Male) |
| 22:56 | Crear | Villager (Male) |
| 23:08 | Crear | Ghulam |
| 23:25 | Crear | Ghulam |
| 23:30 | Crear | Ghulam |
| 23:33 | Crear | Villager (Male) |
| 23:43 | Crear | Ghulam |
| 23:43 | Crear | Ghulam |
| 23:54 | Crear | Villager (Male) |
| 24:10 | Crear | Ghulam |
| 24:21 | Crear | Villager (Male) |
| 24:40 | Crear | Ghulam |
| 24:41 | Crear | Villager (Male) |
| 24:41 | Crear | Villager (Male) |
| 24:55 | Construir | Town Center |
| 25:05 | Crear | Ghulam |
| 25:09 | Crear | Villager (Male) |
| 25:10 | Crear | Villager (Male) |
| 25:32 | Crear | Villager (Male) |
| 25:32 | Crear | Villager (Male) |
| 25:32 | Crear | Villager (Male) |
| 25:33 | Crear | Villager (Male) |
| 25:41 | Crear | Ghulam |
| 25:41 | Crear | Ghulam |
| 25:56 | Crear | Ghulam |
| 26:13 | Crear | Villager (Male) |
| 26:13 | Crear | Villager (Male) |
| 26:20 | Crear | Villager (Male) |
| 26:20 | Crear | Villager (Male) |
| 26:21 | Crear | Villager (Male) |
| 26:28 | Construir | Farm |
| 26:29 | Construir | Farm |
| 26:30 | Construir | Farm |
| 26:31 | Construir | Farm |
| 26:35 | Crear | Ghulam |
| 26:42 | Construir | Farm |
| 26:43 | Crear | Villager (Male) |
| 26:58 | Crear | Villager (Male) |
| 26:58 | Crear | Villager (Male) |
| 26:58 | Crear | Villager (Male) |
| 26:58 | Crear | Villager (Male) |
| 27:06 | Crear | Villager (Male) |
| 27:06 | Crear | Villager (Male) |
| 27:10 | Construir | Farm |
| 27:11 | Construir | Farm |
| 27:12 | Construir | Farm |
| 27:12 | Construir | Farm |
| 27:13 | Construir | Farm |
| 27:15 | Construir | Farm |
| 27:18 | Construir | House |
| 27:19 | Construir | House |
| 27:19 | Construir | House |
| 27:20 | Construir | House |
| 27:22 | Crear | Villager (Male) |
| 27:22 | Crear | Villager (Male) |
| 27:28 | Construir | Farm |
| 27:32 | Crear | Ghulam |
| 27:35 | Construir | Farm |
| 27:44 | Crear | Villager (Male) |
Build order — 探吉教~NOMO
Primeras 150 de 272 acciones detectadas
| 0:29 | Construir | Town Center |
| 3:00 | Construir | House |
| 3:03 | Crear | Villager (Male) |
| 3:04 | Crear | Villager (Male) |
| 3:04 | Crear | Villager (Male) |
| 3:04 | Crear | Villager (Male) |
| 4:12 | Investigar | Loom |
| 4:44 | Crear | Villager (Male) |
| 4:56 | Crear | Villager (Male) |
| 4:57 | Crear | Villager (Male) |
| 5:24 | Construir | House |
| 5:47 | Crear | Villager (Male) |
| 5:47 | Crear | Villager (Male) |
| 6:39 | Crear | Villager (Male) |
| 6:54 | Construir | House |
| 6:57 | Crear | Villager (Male) |
| 6:57 | Crear | Villager (Male) |
| 7:15 | Crear | Villager (Male) |
| 7:15 | Crear | Villager (Male) |
| 7:30 | Crear | Villager (Male) |
| 7:57 | Construir | House |
| 7:58 | Crear | Villager (Male) |
| 8:49 | Construir | Mill |
| 9:11 | Crear | Villager (Male) |
| 9:11 | Crear | Villager (Male) |
| 9:28 | Crear | Villager (Male) |
| 10:22 | Construir | House |
| 10:47 | Crear | Villager (Male) |
| 10:48 | Crear | Villager (Male) |
| 11:15 | Construir | Mining Camp |
| 11:45 | Investigar | Feudal Age |
| 13:43 | Crear | Villager (Male) |
| 13:44 | Crear | Villager (Male) |
| 13:55 | Edad | Edad Feudal |
| 14:01 | Crear | Villager (Male) |
| 14:21 | Construir | Market |
| 14:32 | Construir | Blacksmith |
| 15:04 | Construir | Lumber Camp |
| 15:20 | Investigar | Castle Age |
| 15:25 | Construir | Mining Camp |
| 15:30 | Investigar | Stone Mining |
| 16:21 | Investigar | Double-Bit Axe |
| 16:45 | Investigar | Horse Collar |
| 16:49 | Construir | Farm |
| 16:49 | Construir | Farm |
| 16:49 | Construir | Farm |
| 16:51 | Construir | Farm |
| 16:53 | Construir | Farm |
| 17:01 | Crear | Villager (Male) |
| 17:01 | Crear | Villager (Male) |
| 17:14 | Construir | House |
| 17:24 | Construir | House |
| 17:48 | Crear | Villager (Male) |
| 17:56 | Crear | Villager (Male) |
| 18:00 | Edad | Edad de los Castillos |
| 18:35 | Crear | Villager (Male) |
| 18:41 | Construir | House |
| 18:53 | Crear | Villager (Male) |
| 19:05 | Investigar | Bow Saw |
| 19:10 | Construir | Farm |
| 19:11 | Construir | Farm |
| 19:14 | Construir | Farm |
| 19:23 | Construir | Castle |
| 19:29 | Construir | House |
| 19:32 | Crear | Villager (Male) |
| 19:37 | Construir | Farm |
| 19:38 | Construir | Farm |
| 19:40 | Construir | Farm |
| 19:48 | Construir | House |
| 19:56 | Construir | House |
| 19:57 | Construir | House |
| 19:58 | Crear | Villager (Male) |
| 20:06 | Construir | Farm |
| 20:23 | Crear | Villager (Male) |
| 20:28 | Construir | Farm |
| 20:44 | Crear | Villager (Male) |
| 20:54 | Construir | Farm |
| 20:55 | Construir | Farm |
| 20:56 | Construir | Farm |
| 21:06 | Crear | Rattan Archer |
| 21:07 | Crear | Rattan Archer |
| 21:07 | Crear | Rattan Archer |
| 21:18 | Crear | Villager (Male) |
| 21:24 | Construir | House |
| 21:26 | Construir | House |
| 21:39 | Investigar | Fletching |
| 21:39 | Investigar | Fletching |
| 21:48 | Crear | Villager (Male) |
| 21:49 | Crear | Villager (Male) |
| 22:29 | Crear | Rattan Archer |
| 22:29 | Crear | Rattan Archer |
| 22:30 | Crear | Rattan Archer |
| 22:49 | Crear | Villager (Male) |
| 22:58 | Crear | Villager (Male) |
| 23:11 | Investigar | Bodkin Arrow |
| 23:11 | Investigar | Bodkin Arrow |
| 23:18 | Crear | Villager (Male) |
| 23:21 | Crear | Villager (Male) |
| 23:25 | Construir | Farm |
| 23:26 | Construir | Farm |
| 23:55 | Crear | Villager (Male) |
| 23:55 | Crear | Villager (Male) |
| 24:03 | Construir | Town Center |
| 24:04 | Crear | Villager (Male) |
| 24:04 | Crear | Villager (Male) |
| 24:41 | Crear | Villager (Male) |
| 24:42 | Crear | Villager (Male) |
| 24:42 | Crear | Villager (Male) |
| 24:42 | Crear | Villager (Male) |
| 24:47 | Construir | House |
| 24:49 | Construir | House |
| 24:54 | Crear | Villager (Male) |
| 25:13 | Construir | Gate |
| 25:18 | Crear | Villager (Male) |
| 25:18 | Crear | Villager (Male) |
| 25:25 | Crear | Villager (Male) |
| 25:28 | Crear | Rattan Archer |
| 25:28 | Crear | Rattan Archer |
| 25:28 | Crear | Rattan Archer |
| 25:28 | Crear | Rattan Archer |
| 25:57 | Investigar | Padded Archer Armor |
| 25:57 | Investigar | Padded Archer Armor |
| 26:02 | Crear | Villager (Male) |
| 26:02 | Crear | Villager (Male) |
| 26:02 | Crear | Villager (Male) |
| 26:42 | Crear | Rattan Archer |
| 26:43 | Crear | Rattan Archer |
| 26:46 | Crear | Villager (Male) |
| 26:47 | Crear | Villager (Male) |
| 26:47 | Crear | Villager (Male) |
| 26:47 | Crear | Villager (Male) |
| 26:48 | Crear | Villager (Male) |
| 26:49 | Crear | Villager (Male) |
| 26:49 | Crear | Villager (Male) |
| 27:15 | Crear | Villager (Male) |
| 27:15 | Crear | Villager (Male) |
| 27:37 | Crear | Rattan Archer |
| 27:37 | Crear | Rattan Archer |
| 27:48 | Construir | House |
| 27:56 | Construir | Barracks |
| 28:00 | Crear | Villager (Male) |
| 28:01 | Crear | Villager (Male) |
| 28:03 | Crear | Villager (Male) |
| 28:32 | Crear | Rattan Archer |
| 28:32 | Crear | Rattan Archer |
| 28:44 | Construir | Archery Range |
| 28:47 | Crear | Villager (Male) |
| 28:53 | Construir | Farm |
| 28:54 | Construir | Farm |
| 28:55 | Construir | Farm |
Build order — 微笑馬摩斯漢堡
Primeras 150 de 311 acciones detectadas
| 0:15 | Construir | Town Center |
| 0:51 | Construir | House |
| 0:59 | Construir | Lumber Camp |
| 2:26 | Crear | Villager (Male) |
| 2:27 | Crear | Villager (Male) |
| 2:27 | Crear | Villager (Male) |
| 2:27 | Crear | Villager (Male) |
| 3:44 | Investigar | Loom |
| 4:51 | Crear | Villager (Male) |
| 5:22 | Crear | Villager (Male) |
| 5:22 | Crear | Villager (Male) |
| 5:41 | Construir | House |
| 5:49 | Crear | Villager (Male) |
| 6:06 | Crear | Villager (Male) |
| 6:43 | Crear | Villager (Male) |
| 6:43 | Crear | Villager (Male) |
| 7:02 | Crear | Villager (Male) |
| 7:20 | Crear | Villager (Male) |
| 7:23 | Construir | House |
| 7:52 | Crear | Villager (Male) |
| 7:52 | Crear | Villager (Male) |
| 8:16 | Construir | Mill |
| 8:17 | Crear | Villager (Male) |
| 8:18 | Crear | Villager (Male) |
| 8:18 | Crear | Villager (Male) |
| 8:43 | Crear | Villager (Male) |
| 9:15 | Crear | Villager (Male) |
| 9:18 | Construir | House |
| 10:11 | Crear | Villager (Male) |
| 10:19 | Construir | Farm |
| 10:23 | Construir | Farm |
| 10:26 | Crear | Villager (Male) |
| 10:37 | Crear | Villager (Male) |
| 10:46 | Construir | Farm |
| 10:47 | Construir | Farm |
| 10:48 | Construir | Farm |
| 10:59 | Construir | House |
| 11:04 | Crear | Villager (Male) |
| 11:22 | Construir | House |
| 11:25 | Crear | Villager (Male) |
| 11:34 | Construir | Farm |
| 12:06 | Crear | Villager (Male) |
| 12:19 | Construir | Mill |
| 12:41 | Construir | Farm |
| 12:45 | Construir | Mining Camp |
| 12:48 | Investigar | Feudal Age |
| 13:42 | Construir | Palisade Wall |
| 14:13 | Crear | Villager (Male) |
| 14:13 | Crear | Villager (Male) |
| 14:25 | Construir | Palisade Wall |
| 14:58 | Edad | Edad Feudal |
| 15:03 | Construir | Blacksmith |
| 15:07 | Construir | Market |
| 15:12 | Construir | Palisade Wall |
| 15:25 | Construir | Mining Camp |
| 15:32 | Construir | Mining Camp |
| 15:44 | Construir | Palisade Wall |
| 15:52 | Construir | Watch Tower |
| 16:02 | Construir | Palisade Wall |
| 16:08 | Crear | Villager (Male) |
| 16:41 | Investigar | Castle Age |
| 17:30 | Construir | Watch Tower |
| 17:38 | Construir | Palisade Wall |
| 17:45 | Construir | Palisade Wall |
| 17:55 | Investigar | Double-Bit Axe |
| 17:55 | Crear | Villager (Male) |
| 17:56 | Crear | Villager (Male) |
| 18:14 | Construir | Palisade Wall |
| 18:17 | Construir | Palisade Wall |
| 18:26 | Investigar | Fletching |
| 18:29 | Construir | House |
| 19:21 | Edad | Edad de los Castillos |
| 19:22 | Crear | Villager (Male) |
| 19:23 | Investigar | Bow Saw |
| 19:24 | Crear | Villager (Male) |
| 19:49 | Crear | Villager (Male) |
| 20:25 | Construir | Town Center |
| 20:34 | Crear | Villager (Male) |
| 21:29 | Construir | Town Center |
| 21:31 | Crear | Villager (Male) |
| 21:31 | Crear | Villager (Male) |
| 21:40 | Crear | Villager (Male) |
| 22:13 | Crear | Villager (Male) |
| 22:14 | Crear | Villager (Male) |
| 22:44 | Construir | Farm |
| 22:46 | Crear | Villager (Male) |
| 22:54 | Crear | Villager (Male) |
| 22:57 | Construir | Farm |
| 22:58 | Construir | Farm |
| 23:13 | Crear | Villager (Male) |
| 23:13 | Crear | Villager (Male) |
| 23:19 | Construir | Farm |
| 23:20 | Construir | Farm |
| 23:21 | Construir | Farm |
| 23:22 | Construir | Farm |
| 23:25 | Crear | Villager (Male) |
| 23:25 | Crear | Villager (Male) |
| 23:40 | Crear | Villager (Male) |
| 23:43 | Construir | Farm |
| 23:44 | Construir | Farm |
| 23:49 | Crear | Villager (Male) |
| 23:52 | Construir | Farm |
| 24:00 | Construir | Farm |
| 24:15 | Crear | Villager (Male) ×2 |
| 24:21 | Construir | Farm |
| 24:27 | Crear | Villager (Male) |
| 24:28 | Crear | Villager (Male) |
| 24:42 | Construir | Siege Workshop |
| 24:46 | Crear | Villager (Male) |
| 24:47 | Crear | Villager (Male) |
| 24:49 | Construir | House |
| 25:01 | Construir | House |
| 25:08 | Crear | Mangonel |
| 25:23 | Crear | Villager (Male) |
| 25:25 | Crear | Villager (Male) |
| 25:30 | Investigar | Wheelbarrow |
| 25:39 | Construir | Farm |
| 25:41 | Crear | Villager (Male) |
| 25:44 | Crear | Mangonel |
| 25:53 | Construir | Farm |
| 25:56 | Construir | House |
| 26:10 | Construir | Farm |
| 26:12 | Crear | Villager (Male) |
| 26:13 | Crear | Villager (Male) |
| 26:23 | Construir | Barracks |
| 26:49 | Crear | Scorpion |
| 26:54 | Construir | Farm |
| 26:59 | Crear | Villager (Male) |
| 26:59 | Crear | Villager (Male) |
| 27:06 | Crear | Spearman |
| 27:06 | Crear | Spearman |
| 27:17 | Crear | Scorpion |
| 27:44 | Construir | Mining Camp |
| 27:45 | Crear | Villager (Male) |
| 27:46 | Crear | Villager (Male) |
| 27:46 | Crear | Villager (Male) |
| 27:56 | Investigar | Bodkin Arrow |
| 27:58 | Construir | House |
| 28:09 | Construir | House |
| 28:10 | Construir | House |
| 28:25 | Investigar | Town Watch |
| 28:35 | Construir | Farm |
| 28:41 | Construir | Stone Wall |
| 29:03 | Crear | Scorpion |
| 29:05 | Construir | Farm |
| 29:07 | Crear | Villager (Male) |
| 29:07 | Crear | Villager (Male) |
| 29:33 | Construir | Castle |
| 29:36 | Construir | Farm |
| 29:40 | Investigar | Hand Cart |
Build order — 拉回就是埋點-taco_clement
Primeras 150 de 307 acciones detectadas
| 1:25 | Construir | Lumber Camp |
| 1:28 | Construir | House |
| 1:38 | Construir | Town Center |
| 3:57 | Crear | Villager (Male) |
| 3:57 | Investigar | Loom |
| 3:58 | Crear | Villager (Male) |
| 3:58 | Crear | Villager (Male) |
| 3:58 | Crear | Villager (Male) |
| 5:55 | Construir | House |
| 6:04 | Construir | Mill |
| 6:18 | Crear | Villager (Male) |
| 7:01 | Crear | Villager (Male) |
| 7:02 | Crear | Villager (Male) |
| 7:52 | Crear | Villager (Male) |
| 9:03 | Crear | Villager (Male) |
| 9:03 | Crear | Villager (Male) |
| 9:04 | Crear | Villager (Male) |
| 9:04 | Crear | Villager (Male) |
| 9:29 | Construir | Mill |
| 9:42 | Crear | Villager (Male) |
| 10:34 | Crear | Villager (Male) |
| 10:34 | Crear | Villager (Male) |
| 10:34 | Crear | Villager (Male) |
| 10:34 | Crear | Villager (Male) |
| 10:35 | Crear | Villager (Male) |
| 10:44 | Construir | House |
| 11:48 | Construir | House |
| 12:00 | Crear | Villager (Male) |
| 12:00 | Crear | Villager (Male) |
| 12:30 | Construir | House |
| 12:37 | Construir | House |
| 12:53 | Crear | Villager (Male) |
| 13:21 | Construir | Mill |
| 14:03 | Investigar | Feudal Age |
| 14:50 | Construir | Mill |
| 15:05 | Crear | Villager (Male) |
| 15:05 | Crear | Villager (Male) |
| 15:06 | Crear | Villager (Male) |
| 15:30 | Crear | Villager (Male) |
| 15:31 | Crear | Villager (Male) |
| 15:32 | Crear | Villager (Male) |
| 16:25 | Edad | Edad Feudal |
| 16:36 | Construir | Blacksmith |
| 16:46 | Investigar | Double-Bit Axe |
| 17:38 | Construir | Mining Camp |
| 18:30 | Construir | Market |
| 18:47 | Crear | Villager (Male) |
| 19:18 | Crear | Villager (Male) |
| 19:19 | Crear | Villager (Male) |
| 19:28 | Construir | Barracks |
| 20:11 | Crear | Villager (Male) |
| 20:34 | Construir | Lumber Camp |
| 20:41 | Crear | Villager (Male) |
| 20:51 | Construir | Stable |
| 20:56 | Investigar | Castle Age |
| 21:09 | Construir | House |
| 21:10 | Construir | House |
| 21:28 | Construir | Mining Camp |
| 21:44 | Construir | Mining Camp |
| 22:04 | Investigar | Forging |
| 22:21 | Construir | House |
| 22:22 | Construir | House |
| 22:25 | Construir | House |
| 22:26 | Construir | House |
| 22:49 | Construir | Farm |
| 22:50 | Construir | Farm |
| 23:18 | Construir | Stone Wall |
| 23:29 | Construir | Stone Wall |
| 23:32 | Crear | Villager (Male) |
| 23:32 | Crear | Villager (Male) |
| 23:46 | Edad | Edad de los Castillos |
| 23:54 | Construir | Stable |
| 24:08 | Construir | Town Center |
| 24:22 | Construir | Town Center |
| 24:30 | Construir | Town Center |
| 24:48 | Crear | Villager (Male) |
| 24:49 | Crear | Villager (Male) |
| 24:49 | Crear | Villager (Male) |
| 24:50 | Crear | Villager (Male) |
| 25:06 | Investigar | Bow Saw |
| 25:30 | Construir | Stone Wall |
| 25:47 | Crear | Villager (Male) |
| 26:08 | Construir | Farm |
| 26:09 | Construir | Farm |
| 26:10 | Construir | Farm |
| 26:11 | Construir | Farm |
| 26:15 | Construir | Farm |
| 26:18 | Construir | Farm |
| 26:41 | Construir | Farm |
| 27:09 | Construir | Farm |
| 27:11 | Construir | Farm |
| 27:12 | Construir | Farm |
| 27:16 | Crear | Knight |
| 27:16 | Crear | Knight |
| 27:26 | Construir | Gate |
| 27:41 | Construir | Farm |
| 27:42 | Construir | Farm |
| 27:45 | Construir | Farm |
| 27:57 | Investigar | Husbandry |
| 28:04 | Construir | House |
| 28:05 | Construir | House |
| 28:06 | Construir | House |
| 28:10 | Construir | Monastery |
| 28:35 | Crear | Scout Cavalry |
| 28:35 | Crear | Scout Cavalry |
| 28:36 | Crear | Scout Cavalry |
| 29:10 | Crear | Villager (Male) |
| 29:10 | Crear | Villager (Male) |
| 29:11 | Crear | Villager (Male) |
| 29:11 | Crear | Villager (Male) |
| 29:21 | Construir | Mining Camp |
| 29:52 | Construir | Stone Wall |
| 29:56 | Construir | Gate |
| 30:03 | Construir | Stone Wall |
| 30:06 | Crear | Villager (Male) |
| 30:07 | Crear | Villager (Male) |
| 30:07 | Crear | Villager (Male) |
| 30:07 | Crear | Villager (Male) |
| 30:07 | Crear | Villager (Male) |
| 30:23 | Crear | Villager (Male) |
| 30:24 | Crear | Villager (Male) |
| 30:24 | Crear | Villager (Male) |
| 30:24 | Crear | Villager (Male) |
| 30:24 | Crear | Villager (Male) |
| 30:40 | Construir | Farm |
| 30:41 | Construir | Farm |
| 31:02 | Construir | Castle |
| 31:15 | Investigar | Bloodlines |
| 31:16 | Crear | Knight |
| 32:10 | Investigar | Wheelbarrow |
| 32:11 | Crear | Villager (Male) |
| 32:11 | Crear | Villager (Male) |
| 32:11 | Crear | Villager (Male) |
| 32:11 | Crear | Villager (Male) |
| 32:12 | Crear | Villager (Male) |
| 32:28 | Construir | Stone Wall |
| 32:33 | Construir | Gate |
| 32:35 | Crear | Villager (Male) |
| 32:35 | Crear | Villager (Male) |
| 32:35 | Crear | Villager (Male) |
| 32:49 | Crear | Knight |
| 33:17 | Investigar | Town Watch |
| 33:18 | Crear | Villager (Male) |
| 33:18 | Crear | Villager (Male) |
| 33:18 | Crear | Villager (Male) |
| 33:18 | Crear | Villager (Male) |
| 33:37 | Construir | Farm |
| 33:38 | Construir | Farm |
| 33:39 | Construir | Farm |
| 33:46 | Investigar | Horse Collar |
Cronología de la partida
| 3:49 | 馬摩 · wall_segment Palisade Wall x1 |
| 3:53 | 馬摩 · wall_segment Palisade Wall x1 |
| 4:07 | 馬西摩 · wall_segment Palisade Wall x1 |
| 4:12 | 馬西摩 · wall_segment Palisade Wall x1 |
| 4:56 | 馬西摩 · wall_segment Palisade Wall x1 |
| 5:40 | 馬鐵摩 · wall_segment Palisade Wall x1 |
| 11:44 | 探吉教~東馬摩 · wall_segment Palisade Wall x1 |
| 11:45 | 探吉教~東馬摩 · wall_segment Palisade Wall x1 |
| 11:48 | 探吉教~東馬摩 · wall_segment Palisade Wall x1 |
| 12:41 | 探吉教~東馬摩 · age_up feudal |
| 12:45 | 探吉教~東馬摩 · first_building Barracks |
| 13:42 | 微笑馬摩斯漢堡 · wall_segment Palisade Wall x3 |
| 13:55 | 探吉教~NOMO · age_up feudal |
| 14:25 | 微笑馬摩斯漢堡 · wall_segment Palisade Wall x5 |
| 14:29 | 馬鐵摩 · age_up feudal |
| 14:40 | 探吉教~東馬摩 · wall_segment Palisade Wall x1 |
| 14:42 | 探吉教~東馬摩 · wall_segment Palisade Wall x1 |
| 14:44 | 探吉教~東馬摩 · wall_segment Palisade Wall x1 |
| 14:46 | 諸葛馬摩說錦囊有妙計 · age_up feudal |
| 14:56 | 馬摩 · age_up feudal |
| 14:58 | 微笑馬摩斯漢堡 · age_up feudal |
| 15:06 | 探吉教~東馬摩 · first_building Archery Range |
| 15:12 | 微笑馬摩斯漢堡 · wall_segment Palisade Wall x4 |
| 15:40 | 探吉教~東馬摩 · wall_segment Palisade Wall x7 |
| 15:44 | 微笑馬摩斯漢堡 · wall_segment Palisade Wall x2 |
| 15:49 | 馬摩 · first_market_sell 100 stone |
| 16:02 | 馬西摩 · age_up feudal |
| 16:02 | 微笑馬摩斯漢堡 · wall_segment Palisade Wall x15 |
| 16:06 | 馬西摩 · first_building Barracks |
| 16:18 | 馬鐵摩 · first_building Barracks |
| 16:25 | 拉回就是埋點-taco_clement · age_up feudal |
| 17:26 | 諸葛馬摩說錦囊有妙計 · first_building Barracks |
| 17:38 | 微笑馬摩斯漢堡 · wall_segment Palisade Wall x5 |
| 17:45 | 微笑馬摩斯漢堡 · wall_segment Palisade Wall x6 |
| 18:00 | 探吉教~NOMO · age_up castle |
| 18:14 | 微笑馬摩斯漢堡 · wall_segment Palisade Wall x1 |
| 18:17 | 微笑馬摩斯漢堡 · wall_segment Palisade Wall x1 |
| 18:21 | 諸葛馬摩說錦囊有妙計 · first_building Archery Range |
| 18:23 | 馬鐵摩 · age_up castle |
| 18:30 | 馬摩 · age_up castle |
| 18:47 | 探吉教~東馬摩 · age_up castle |
| 19:08 | 馬摩 · first_building Castle |
| 19:10 | 諸葛馬摩說錦囊有妙計 · age_up castle |
| 19:21 | 微笑馬摩斯漢堡 · age_up castle |
| 19:23 | 探吉教~NOMO · first_building Castle |
| 19:28 | 拉回就是埋點-taco_clement · first_building Barracks |
| 20:47 | 馬鐵摩 · first_building Archery Range |
| 20:51 | 拉回就是埋點-taco_clement · first_building Stable |
| 21:55 | 探吉教~東馬摩 · first_building Siege Workshop |
| 22:01 | 馬西摩 · age_up castle |
| 23:03 | 探吉教~東馬摩 · wall_segment Stone Wall x1 |
| 23:03 | 探吉教~東馬摩 · wall_segment Stone Wall x1 |
| 23:18 | 拉回就是埋點-taco_clement · wall_segment Stone Wall x13 |
| 23:29 | 拉回就是埋點-taco_clement · wall_segment Stone Wall x15 |
| 23:46 | 拉回就是埋點-taco_clement · age_up castle |
| 24:07 | 馬西摩 · first_building Castle |
| 24:42 | 微笑馬摩斯漢堡 · first_building Siege Workshop |
| 25:25 | 馬摩 · first_market_buy 100 food |
| 25:30 | 拉回就是埋點-taco_clement · wall_segment Stone Wall x20 |
| 26:16 | 探吉教~東馬摩 · wall_segment Stone Wall x9 |
| 26:23 | 微笑馬摩斯漢堡 · first_building Barracks |
| 26:55 | 探吉教~NOMO · first_market_sell 100 wood |
| 26:58 | 探吉教~NOMO · first_market_buy 100 stone |
| 27:56 | 探吉教~NOMO · first_building Barracks |
| 28:10 | 拉回就是埋點-taco_clement · first_building Monastery |
| 28:33 | 探吉教~東馬摩 · wall_segment Stone Wall x5 |
| 28:41 | 微笑馬摩斯漢堡 · wall_segment Stone Wall x4 |
| 28:44 | 探吉教~NOMO · first_building Archery Range |
| 29:33 | 微笑馬摩斯漢堡 · first_building Castle |
| 29:37 | 諸葛馬摩說錦囊有妙計 · first_building Castle |
| 29:52 | 拉回就是埋點-taco_clement · wall_segment Stone Wall x10 |
| 30:03 | 拉回就是埋點-taco_clement · wall_segment Stone Wall x10 |
| 30:15 | 探吉教~東馬摩 · wall_segment Stone Wall x3 |
| 31:02 | 拉回就是埋點-taco_clement · first_building Castle |
| 31:05 | 探吉教~東馬摩 · wall_segment Stone Wall x4 |
| 32:28 | 拉回就是埋點-taco_clement · wall_segment Stone Wall x6 |
| 32:41 | 探吉教~東馬摩 · wall_segment Stone Wall x1 |
| 32:41 | 探吉教~東馬摩 · wall_segment Stone Wall x1 |
| 32:42 | 探吉教~東馬摩 · wall_segment Stone Wall x1 |
| 33:43 | 馬摩 · first_building Barracks |
| 34:01 | 諸葛馬摩說錦囊有妙計 · first_building Siege Workshop |
| 34:09 | 拉回就是埋點-taco_clement · tribute_sent a jugador 1 |
| 34:09 | 拉回就是埋點-taco_clement · tribute_sent a jugador 2 |
| 34:09 | 拉回就是埋點-taco_clement · tribute_sent a jugador 3 |
| 34:09 | 拉回就是埋點-taco_clement · tribute_sent a jugador 4 |
| 34:09 | 拉回就是埋點-taco_clement · tribute_sent a jugador 5 |
| 34:09 | 拉回就是埋點-taco_clement · tribute_sent a jugador 6 |
| 34:09 | 拉回就是埋點-taco_clement · tribute_sent a jugador 7 |
| 34:17 | 馬鐵摩 · first_building Monastery |
| 34:34 | 馬鐵摩 · first_building Castle |
| 34:53 | 馬摩 · first_building Stable |
| 35:21 | 微笑馬摩斯漢堡 · first_building Stable |
| 35:34 | 馬西摩 · first_market_sell 100 wood |
| 35:36 | 馬西摩 · first_market_buy 100 food |
| 35:39 | 微笑馬摩斯漢堡 · age_up imperial |
| 36:16 | 探吉教~NOMO · age_up imperial |
| 36:18 | 諸葛馬摩說錦囊有妙計 · age_up imperial |
| 36:30 | 諸葛馬摩說錦囊有妙計 · first_market_sell 100 food |
| 36:49 | 馬摩 · age_up imperial |
| 37:57 | 馬鐵摩 · age_up imperial |
| 38:50 | 馬西摩 · age_up imperial |
| 39:39 | 探吉教~NOMO · first_building Siege Workshop |
| 41:59 | 探吉教~東馬摩 · first_building Castle |
| 42:29 | 馬鐵摩 · first_market_sell 100 stone |
| 43:17 | 探吉教~NOMO · tribute_sent a jugador 1 |
| 43:17 | 探吉教~NOMO · tribute_sent a jugador 2 |
| 43:17 | 探吉教~NOMO · tribute_sent a jugador 3 |
| 43:17 | 探吉教~NOMO · tribute_sent a jugador 4 |
| 43:17 | 探吉教~NOMO · tribute_sent a jugador 5 |
| 43:17 | 探吉教~NOMO · tribute_sent a jugador 7 |
| 43:17 | 探吉教~NOMO · tribute_sent a jugador 8 |
| 43:43 | 微笑馬摩斯漢堡 · first_market_buy 100 stone |
| 44:34 | 探吉教~NOMO · resign |
| 44:40 | 拉回就是埋點-taco_clement · age_up imperial |
[ ANÁLISIS IA · 1 CRÉDITO ]
¿Qué pasó realmente en esta partida?
Wolo.gg analiza cada decisión: build order, eco, micro, errores típicos por bracket. Análisis personalizado por WhatsApp o Discord en 30 segundos.
Guía civ
Kitán
Guía mapa
Land Nomad
Perfil
探吉教~Iron man